 Dungeon Crawl Stone Soup version 0.20.1-1-g8b1a95d (webtiles) character file.

46 namelastname112 the Skirmisher (level 3, 0/36 HPs)
             Began as a Draconian Wanderer on July 30, 2017.
             Slain by a goblin
             ... wielding a +0 club
             ... led by Robin
              (7 damage)
             ... on level 2 of the Dungeon.
             The game lasted 00:01:44 (874 turns).

namelastname112 the Skirmisher (Draconian Wanderer)  Turns: 874, Time: 00:01:45

Health: 0/36       AC:  6    Str: 13    XL:     3   Next: 44%
Magic:  3/3        EV: 12    Int: 14    God:
Gold:   70         SH:  0    Dex: 10    Spells: 2/2 levels left

rFire    . . .     SeeInvis .   c - +0 mace
rCold    . . .     Gourm    .   (no shield)
rNeg     . . .     Faith    .   (armour unavailable)
rPois    .         Spirit   .   (helmet restricted)
rElec    .         Reflect  .   (no cloak)
rCorr    .         Harm     .   j - +0 pair of gloves
MR       .....                  (no boots)
Stlth    +.........             (no amulet)
Regen    0.2/turn               (no ring)
MPRegen  0.1/turn               (no ring)

@: no status effects
A: unfitting armour, cold-blooded, AC +5
a: no special abilities


You were on level 2 of the Dungeon.
You were not hungry.

You visited 1 branch of the dungeon, and saw 2 of its levels.

You collected 70 gold pieces.

Inventory:

Hand Weapons
 a - a +2 hand crossbow
 c - a +0 mace (weapon)
Missiles
 b - 21 bolts
Armour
 j - a +0 pair of gloves (worn)
Scrolls
 e - a scroll of teleportation {unknown}
 g - 3 scrolls of remove curse {unknown}
 h - a scroll of random uselessness {unknown}
 i - a scroll of fear {unknown}
 k - a scroll of identify {unknown}
Potions
 d - a potion of lignification
 l - a potion of degeneration {unknown}
 m - a potion of curing {unknown}
 n - a potion of heal wounds {unknown}
Comestibles
 f - a bread ration
 o - 3 chunks of flesh


   Skills:
 + Level 5.2 Fighting
   Level 1.0 Polearms
 * Level 2.1 Crossbows
 - Level 1.0 Throwing
 + Level 1.3 Dodging
 - Level 1.0 Stealth
   Level 1.0 Shields


You had 2 spell levels left.
You didn't know any spells.

Dungeon Overview and Level Annotations

Branches:
Dungeon (2/15)

Altars:

Annotations:
D:2 Robin


Innate Abilities, Weirdness & Mutations

Your plain brown scales are hard. (AC +5)
You cannot fit into any form of body armour.
You are cold-blooded and may be slowed by cold attacks.


Message History

The goblin is heavily wounded.
The goblin hits you with a dagger. The goblin barely misses you.
You miss the goblin.
The goblin is heavily wounded.
The goblin hits you but does no damage. The goblin hits you with a club.
The goblin hits you but does no damage.
You closely miss the goblin.
The goblin is heavily wounded.
The goblin hits you with a club. The goblin hits you but does no damage.
A rat comes into view.
You hit the goblin.
You kill the goblin!
The goblin hits you with a club.
* * * LOW HITPOINT WARNING * * *
Robin throws the goblin at you!
* * * LOW HITPOINT WARNING * * *
The goblin hits you but does no damage.
You closely miss the goblin.
Your tail-slap misses the goblin.
The goblin hits you with a club!
You die...

#.# #.#.# .# #.#
##.#.####.##### #<#
#...............
#(####...............
#.())'..........>....
####)#...............
#.#...............
#g#...............
#@#....gg.........
#g#.....g..(......
#g#########.......
#'# #....... ...
#.g..... ...
...##r...... ..r
............. .....
...(...g.....
.............


You could see Robin, 2 goblins and a rat.

Vanquished Creatures
  A dart slug (D:1)
  2 bats (D:1)
  A giant cockroach (D:1)
  14 goblins
  4 hobgoblins
  3 ball pythons (D:1)
  A frilled lizard (D:1)
  8 kobolds (D:1)
  5 rats
39 creatures vanquished.

Notes
Turn   | Place    | Note
-------+----------+-------------------------------------------
     0 | D:1      | namelastname112 the Draconian Wanderer began the quest for the Orb.
     0 | D:1      | namelastname112 set off with: a +2 hand crossbow, 28 bolts, a +0 mace, a potion of lignification, a bread ration
     0 | D:1      | Reached XP level 1. HP: 22/22 MP: 1/1
    81 | D:1      | Reached skill level 1 in Dodging
    85 | D:1      | Reached XP level 2. HP: 27/28 MP: 2/2
   488 | D:1      | Reached skill level 5 in Fighting
   677 | D:1      | Reached XP level 3. HP: 36/36 MP: 3/3
   788 | D:2      | Noticed Robin
   874 | D:2      | Slain by a goblin

Skill      XL: |  1  2  3 |
---------------+----------+-----
Dodging        | 1 |  1.3
Fighting       | 5 |  5.2
Crossbows      | 2 |  2.1
Polearms       | |  1.0
Throwing       | |  1.0
Stealth        | |  1.0
Shields        | |  1.0

Action                   || total
-------------------------++-------
Melee: Mace              ||    37
       Tailslap          ||     5
 Fire: Hand crossbow     ||    50
Armor: Skin              ||    21
Dodge: Dodged            ||    34
